IL
MEMPHIS REDBIRDS @ INDIANAPOLIS INDIANS
05/07/2047
 
TOP OF THE 1ST
Memphis Redbirds batting - Pitching for Indianapolis Indians : RHP Matt Decker
Pitching: RHP Matt Decker
Batting: RHB Tommy Baird 0-0: Ball
1-0: SINGLE (Line Drive, 34, EV 96.2 MPH)
Batting: LHB Zack Berney 0-0: Ball
Tommy Baird steals 2nd, throwing error, E2
Tommy Baird to third
1-0: Ball
2-0: Called Strike
2-1: Fly out, F9 (Flyball, 9, EV 88.8 MPH)
Runner from 3rd tags up, SCORES, no throw by RF
Batting: LHB Johan de Vries 0-0: Ball
1-0: Ball
2-0: Ball
3-0: Base on Balls
Batting: SHB Rich Muniz 0-0: Ball
Johan de Vries steals 2nd base
1-0: Ball
2-0: Called Strike
2-1: Ball
3-1: Foul Ball, location: 2F
3-2: Strikes out swinging
Batting: RHB Danny Gallo 0-0: Ball
1-0: Called Strike
1-1: Swinging Strike
1-2: Foul Ball, location: 2F
1-2: Ball
2-2: Foul Ball, location: 2F
2-2: Ball
3-2: Base on Balls
Batting: RHB John Parra 0-0: Foul Ball, location: 2F
0-1: Swinging Strike
0-2: Strikes out swinging
Top of the 1st over - 1 run, 1 hit, 1 error, 2 left on base; Memphis 1 - Indianapolis 0
BOTTOM OF THE 1ST
Indianapolis Indians batting - Pitching for Memphis Redbirds : LHP John Fisher
Pitching: LHP John Fisher
Batting: RHB Ron Corn 0-0: Ball
1-0: Ball
2-0: Foul Ball, location: 2F
2-1: Ball
3-1: Called Strike
3-2: Ground out 3-1 (Groundball, 34S, EV 69.4 MPH)
Batting: RHB Chris Pozzi 0-0: Called Strike
0-1: Ball
1-1: Called Strike
1-2: Foul Ball, location: 2F
1-2: Ball
2-2: Strikes out swinging, 2-3 out at first.
Batting: RHB Zach Chmieleski 0-0: Ball
1-0: Called Strike
1-1: Called Strike
1-2: Foul Ball, location: 2F
1-2: Strikes out looking
Bottom of the 1st over - 0 runs, 0 hits, 0 errors, 0 left on base; Memphis 1 - Indianapolis 0
TOP OF THE 2ND
Memphis Redbirds batting - Pitching for Indianapolis Indians : RHP Matt Decker
Batting: RHB Jason Gee 0-0: Ball
1-0: Reached on error, E6 (Groundball, 6, EV 86.2 MPH)
Batting: RHB Josh Martin 0-0: Called Strike
0-1: Foul Ball, location: 2F
0-2: Ball
1-2: SINGLE (Groundball, P, EV 91.9 MPH) (infield hit)
Jason Gee to third
Batting: RHB Dave Cluster 0-0: Hit by Pitch
Josh Martin to second
Batting: RHB Tommy Baird 0-0: Called Strike
0-1: Swinging Strike
0-2: Ball
1-2: TRIPLE (Line Drive, 78XD, EV 106.9 MPH)
Jason Gee scores
Josh Martin scores
Dave Cluster scores
Batting: LHB Zack Berney 0-0: Swinging Strike
0-1: Foul Ball, location: 2F
0-2: Ball
1-2: Ball
2-2: Ground out 4-3 (Groundball, 4, EV 87.5 MPH)
Tommy Baird scores
Batting: LHB Johan de Vries 0-0: Ball
1-0: Ball
2-0: Ball
3-0: Called Strike
3-1: Swinging Strike
3-2: Strikes out swinging
Batting: SHB Rich Muniz 0-0: Called Strike
0-1: Swinging Strike
0-2: Ball
1-2: Strikes out swinging
Top of the 2nd over - 4 runs, 2 hits, 1 error, 0 left on base; Memphis 5 - Indianapolis 0
BOTTOM OF THE 2ND
Indianapolis Indians batting - Pitching for Memphis Redbirds : LHP John Fisher
Batting: RHB Andrew Robinson 0-0: Ball
1-0: Swinging Strike
1-1: Foul Ball, location: 2F
1-2: Strikes out looking
Batting: RHB Freddy Quintero 0-0: Fly out, F8 (Flyball, 8RXD, EV 107.5 MPH)
Batting: RHB Adam Kaeser 0-0: Swinging Strike
0-1: Ball
1-1: Swinging Strike
1-2: Ground out 1-3 (Groundball, 15S, EV 67.5 MPH)
Bottom of the 2nd over - 0 runs, 0 hits, 0 errors, 0 left on base; Memphis 5 - Indianapolis 0
TOP OF THE 3RD
Memphis Redbirds batting - Pitching for Indianapolis Indians : RHP Matt Decker
Batting: RHB Danny Gallo 0-0: Called Strike
0-1: SOLO HOME RUN (Flyball, 89XD, EV 100.6 MPH), Distance : 391 ft
Batting: RHB John Parra 0-0: Ball
1-0: Called Strike
1-1: Fly out, F4 (Popup, 3S, EV 80.6 MPH)
Batting: RHB Jason Gee 0-0: Ball
1-0: Ground out 5-3 (Groundball, 56, EV 84.4 MPH)
Batting: RHB Josh Martin 0-0: Ball
1-0: Foul Ball, location: 2F
1-1: Foul Ball, location: 2F
1-2: Strikes out swinging
Top of the 3rd over - 1 run, 1 hit, 0 errors, 0 left on base; Memphis 6 - Indianapolis 0
BOTTOM OF THE 3RD
Indianapolis Indians batting - Pitching for Memphis Redbirds : LHP John Fisher
Batting: RHB Jose Almonte 0-0: Ground out 1-3 (Groundball, 13S, EV 67.5 MPH)
Batting: RHB Caleb Russell 0-0: Ball
1-0: Called Strike
1-1: Ball
2-1: Ball
3-1: Ground out 5-3 (Groundball, 5, EV 101.2 MPH)
Batting: RHB Matt Keef 0-0: Ball
1-0: Foul Ball, location: 2F
1-1: Foul Ball, location: 2F
1-2: Foul Ball, location: 2F
1-2: Hit by Pitch
Batting: RHB Ron Corn 0-0: Ball
1-0: Called Strike
Matt Keef steals 2nd base
1-1: Ground out 4-3 (Groundball, 4S, EV 93.1 MPH)
Bottom of the 3rd over - 0 runs, 0 hits, 0 errors, 1 left on base; Memphis 6 - Indianapolis 0
TOP OF THE 4TH
Memphis Redbirds batting - Pitching for Indianapolis Indians : RHP Matt Decker
Batting: RHB Dave Cluster 0-0: Ball
1-0: Called Strike
1-1: Foul Ball, location: 2F
1-2: Strikes out swinging
Batting: RHB Tommy Baird 0-0: Swinging Strike
0-1: Ball
1-1: Ball
2-1: Ball
3-1: Base on Balls
Batting: LHB Zack Berney 0-0: Ball
Tommy Baird is caught stealing 2nd base 2-6
1-0: Called Strike
1-1: Foul Ball, location: 2F
1-2: Ball
2-2: Foul Ball, location: 2F
2-2: Strikes out swinging
Top of the 4th over - 0 runs, 0 hits, 0 errors, 0 left on base; Memphis 6 - Indianapolis 0
BOTTOM OF THE 4TH
Indianapolis Indians batting - Pitching for Memphis Redbirds : LHP John Fisher
Batting: RHB Chris Pozzi 0-0: Swinging Strike
0-1: Swinging Strike
0-2: Strikes out swinging
Batting: RHB Zach Chmieleski 0-0: Ball
1-0: Foul Ball, location: 2F
1-1: Foul Ball, location: 2F
1-2: Ball
2-2: Ball
3-2: Foul Ball, location: 2F
3-2: Foul Ball, location: 2F
3-2: Ground out 6-3 (Groundball, 6, EV 84.4 MPH)
Batting: RHB Andrew Robinson 0-0: SOLO HOME RUN (Flyball, 7D, EV 108.1 MPH), Distance : 421 ft
Batting: RHB Freddy Quintero 0-0: Called Strike
0-1: Ball
1-1: Foul Ball, location: 2F
1-2: DOUBLE (Line Drive, 9LM, EV 87.5 MPH)
Batting: RHB Adam Kaeser 0-0: Ball
1-0: Called Strike
1-1: Ball
2-1: Foul Ball, location: 2F
2-2: Ball
3-2: Foul Ball, location: 2F
3-2: Strikes out looking
Bottom of the 4th over - 1 run, 2 hits, 0 errors, 1 left on base; Memphis 6 - Indianapolis 1
TOP OF THE 5TH
Memphis Redbirds batting - Pitching for Indianapolis Indians : RHP Matt Decker
Batting: LHB Johan de Vries 0-0: Called Strike
0-1: Ball
1-1: Ball
2-1: SINGLE (Line Drive, 89S, EV 111.2 MPH)
Pitching: RHP Mario Medrano
Batting: SHB Rich Muniz 0-0: Fielders Choice at 2nd, 2-6 (Groundball, 13S, EV 64.4 MPH)
Batting: RHB Danny Gallo 0-0: Ball
1-0: Ball
2-0: Called Strike
2-1: Ball
3-1: Grounds into double play, 5-4-3 (Groundball, 56, EV 83.1 MPH)
Top of the 5th over - 0 runs, 1 hit, 0 errors, 0 left on base; Memphis 6 - Indianapolis 1
BOTTOM OF THE 5TH
Indianapolis Indians batting - Pitching for Memphis Redbirds : LHP John Fisher
Batting: RHB Jose Almonte 0-0: SINGLE (Groundball, 34D, EV 98.8 MPH)
Batting: RHB Caleb Russell 0-0: Called Strike
0-1: Grounds into double play, 4-6-3 (Groundball, 4M, EV 86.9 MPH)
Batting: RHB Matt Keef 0-0: Called Strike
0-1: Foul Ball, location: 2F
0-2: Strikes out looking
Bottom of the 5th over - 0 runs, 1 hit, 0 errors, 0 left on base; Memphis 6 - Indianapolis 1
TOP OF THE 6TH
Memphis Redbirds batting - Pitching for Indianapolis Indians : RHP Mario Medrano
Batting: RHB John Parra 0-0: Called Strike
0-1: Foul Ball, location: 2F
0-2: Ground out 5-3 (Groundball, 5S, EV 81.9 MPH)
Batting: RHB Jason Gee 0-0: Called Strike
0-1: Ball
1-1: SINGLE (Line Drive, 6MD, EV 97.5 MPH)
Batting: RHB Josh Martin 0-0: Ball
Jason Gee steals 2nd base
1-0: Fly out, F5 (Line Drive, 5, EV 57.5 MPH)
Batting: RHB Dave Cluster 0-0: Ball
1-0: Swinging Strike
1-1: Ball
2-1: Ground out 4-3 (Groundball, 4, EV 110.0 MPH)
Top of the 6th over - 0 runs, 1 hit, 0 errors, 1 left on base; Memphis 6 - Indianapolis 1
BOTTOM OF THE 6TH
Indianapolis Indians batting - Pitching for Memphis Redbirds : LHP John Fisher
Batting: RHB Ron Corn 0-0: Ball
1-0: Ball
2-0: Ball
3-0: Base on Balls
Batting: RHB Chris Pozzi 0-0: Ground out 5-3 (Groundball, 56S, EV 75.6 MPH)
Ron Corn to second
Batting: RHB Zach Chmieleski 0-0: Ball
1-0: Swinging Strike
1-1: Ball
2-1: Foul Ball, location: 2F
2-2: Foul Ball, location: 2F
2-2: Foul Ball, location: 2F
2-2: Strikes out swinging
Batting: RHB Andrew Robinson 0-0: Ball
1-0: Ball
2-0: DOUBLE (Flyball, 8RXD, EV 99.4 MPH)
Ron Corn scores
Batting: RHB Freddy Quintero 0-0: Swinging Strike
0-1: Called Strike
0-2: Strikes out looking
Bottom of the 6th over - 1 run, 1 hit, 0 errors, 1 left on base; Memphis 6 - Indianapolis 2
TOP OF THE 7TH
Memphis Redbirds batting - Pitching for Indianapolis Indians : RHP Mario Medrano
Batting: RHB Tommy Baird 0-0: Ground out 5-3 (Groundball, 5, EV 88.8 MPH)
Batting: LHB Zack Berney 0-0: Foul Ball, location: 2F
0-1: Ground out 4-3 (Groundball, 4, EV 96.9 MPH)
Batting: LHB Johan de Vries 0-0: Ball
1-0: SINGLE (Line Drive, 8RS, EV 101.9 MPH)
Batting: SHB Rich Muniz 0-0: Called Strike
Johan de Vries steals 2nd base (no throw)
0-1: Ball
1-1: SINGLE (Line Drive, 78S, EV 101.9 MPH)
Johan de Vries to third
Runner from 3rd tries for Home, SAFE, throw by LF to home
Batting: RHB Danny Gallo 0-0: Swinging Strike
0-1: SINGLE (Groundball, 25, EV 65.6 MPH) (infield hit)
Rich Muniz to second
Batting: RHB John Parra 0-0: Ball
1-0: Foul Ball, location: 2F
1-1: Swinging Strike
1-2: Strikes out looking
Top of the 7th over - 1 run, 3 hits, 0 errors, 2 left on base; Memphis 7 - Indianapolis 2
BOTTOM OF THE 7TH
Indianapolis Indians batting - Pitching for Memphis Redbirds : LHP John Fisher
Batting: RHB Adam Kaeser 0-0: Foul Ball, location: 2F
0-1: Foul Ball, location: 2F
0-2: Ball
1-2: Strikes out swinging
Batting: RHB Jose Almonte 0-0: Called Strike
0-1: Ball
1-1: Called Strike
1-2: Strikes out swinging
Batting: RHB Caleb Russell 0-0: Ball
1-0: Foul Ball, location: 2F
1-1: Ball
2-1: Ball
3-1: Base on Balls
Pitching: RHP Branden Maynard
Batting: RHB Matt Keef 0-0: Fly out, F8 (Flyball, 8LS, EV 83.8 MPH)
Bottom of the 7th over - 0 runs, 0 hits, 0 errors, 1 left on base; Memphis 7 - Indianapolis 2
TOP OF THE 8TH
Memphis Redbirds batting - Pitching for Indianapolis Indians : RHP Mario Medrano
Batting: RHB Jason Gee 0-0: Ball
1-0: Called Strike
1-1: Foul Ball, location: 2F
1-2: Foul Ball, location: 2F
1-2: Ground out 4-3 (Groundball, 4S, EV 80.6 MPH)
Batting: RHB Josh Martin 0-0: Ground out 6-3 (Groundball, 6, EV 84.4 MPH)
Batting: RHB Dave Cluster 0-0: Ball
1-0: Ball
2-0: Ground out 6-3 (Groundball, 6, EV 83.1 MPH)
Top of the 8th over - 0 runs, 0 hits, 0 errors, 0 left on base; Memphis 7 - Indianapolis 2
BOTTOM OF THE 8TH
Indianapolis Indians batting - Pitching for Memphis Redbirds : RHP Branden Maynard
Batting: RHB Ron Corn 0-0: Ball
1-0: Swinging Strike
1-1: Foul Ball, location: 2F
1-2: SINGLE (Groundball, 56, EV 99.4 MPH)
Batting: RHB Chris Pozzi 0-0: Called Strike
0-1: Called Strike
0-2: Ball
1-2: Foul Ball, location: 2F
1-2: Ball
2-2: Ball
3-2: DOUBLE (Line Drive, 78D, EV 105.0 MPH)
Ron Corn to third
Batting: RHB Zach Chmieleski 0-0: Ball
1-0: Fly out, F7 (Flyball, 7D, EV 85.0 MPH)
Runner from 3rd tags up, SCORES, no throw by LF
Batting: RHB Andrew Robinson 0-0: Called Strike
0-1: DOUBLE (Flyball, 8RXD, EV 107.5 MPH)
Chris Pozzi scores
Batting: RHB Freddy Quintero 0-0: Ball
1-0: Foul Ball, location: 2F
1-1: Ball
2-1: Swinging Strike
2-2: Strikes out swinging
Batting: RHB Adam Kaeser 0-0: Ball
1-0: Foul Ball, location: 2F
1-1: Swinging Strike
1-2: Strikes out looking
Bottom of the 8th over - 2 runs, 3 hits, 0 errors, 1 left on base; Memphis 7 - Indianapolis 4
TOP OF THE 9TH
Memphis Redbirds batting - Pitching for Indianapolis Indians : RHP Mario Medrano
Pitching: LHP Hideharu Omoto
Batting: RHB Tommy Baird 0-0: Ball
1-0: Ball
2-0: Ball
3-0: Called Strike
3-1: Called Strike
3-2: Foul Ball, location: 2F
3-2: Ground out 5-3 (Groundball, 5, EV 100.6 MPH)
Batting: LHB Zack Berney 0-0: Called Strike
0-1: Swinging Strike
0-2: Ball
1-2: Strikes out swinging
Batting: LHB Johan de Vries 0-0: Fly out, F9 (Flyball, 9LS, EV 80.0 MPH)
Top of the 9th over - 0 runs, 0 hits, 0 errors, 0 left on base; Memphis 7 - Indianapolis 4
BOTTOM OF THE 9TH
Indianapolis Indians batting - Pitching for Memphis Redbirds : RHP Branden Maynard
Pitching: RHP Derek White
Batting: RHB Jose Almonte 0-0: Swinging Strike
0-1: Swinging Strike
0-2: Ball
1-2: Ball
2-2: Strikes out swinging
Batting: RHB Caleb Russell 0-0: Ball
1-0: Called Strike
1-1: Ball
2-1: Swinging Strike
2-2: Foul Ball, location: 2F
2-2: Foul Ball, location: 2F
2-2: Strikes out swinging
Batting: RHB Matt Keef 0-0: Ground out U3 (Groundball, 3, EV 88.8 MPH)
Bottom of the 9th over - 0 runs, 0 hits, 0 errors, 0 left on base; Memphis 7 - Indianapolis 4
Thursday, December 15th , 2022 - OOTP Baseball 23.9 Build 102